 Dungeon Crawl Stone Soup version 0.29.1-12-g30fa7ad0bf (webtiles) character file.

Game seed: 7415557559194727659

3472 KittyFluff the Protected (level 10, -2/90 HPs)
             Began as a Gargoyle Fighter on Dec 29, 2022.
             Was a Follower of Trog.
             Slain by a wight
             ... wielding a +0 short sword
              (3 damage)
             ... on level 8 of the Dungeon.
             The game lasted 00:30:00 (7946 turns).

KittyFluff the Protected (Gargoyle Fighter)         Turns: 7946, Time: 00:30:01

Health: -2/90      AC: 25    Str: 27    XL:     10   Next: 6%
Magic:  10/10      EV: 11    Int:  9    God:    Trog [*.....]
Gold:   750        SH:  5    Dex: 13    Spells: 9/9 levels left

rFire   + . .      SeeInvis .   L - +2 mace (protect)
rCold   . . .      Faith    .   c - +0 buckler
rNeg    + . .      Spirit   .   b - +0 scale mail
rPois   ∞          Reflect  .   o - +0 helmet
rElec   +          Harm     .   K - scarf {repulsion}
rCorr   .          Rampage  .   (no gloves)
Will    +....                   B - +0 pair of boots
Stlth   ..........              (no amulet)
HPRegen 0.25/turn               k - ring of protection from fire
MPRegen 0.12/turn               A - ring of Yluoraem {Will+ Str+7}

@: berserking (expiring), under a protective aura, repel missiles, very quick
A: sickness immunity, AC +7, negative energy resistance 1, electricity
resistance, torment resistance 1, petrification resistance
a: Renounce Religion, Berserk


You were on level 8 of the Dungeon.
You worshipped Trog.
Trog was aware of your devotion.
You visited 2 branches of the dungeon, and saw 9 of its levels.

You collected 885 gold pieces.
You spent 135 gold pieces at shops.

Inventory:

Hand Weapons
 a - a +0 flail
 u - a +0 sling
 L - a +2 mace of protection (weapon)
Missiles
 i - 52 stones (quivered)
 n - 2 boomerangs
 v - 9 poisoned darts
Armour
 b - a +0 scale mail (worn)
 c - a +0 buckler (worn)
 o - a +0 helmet (worn)
 B - a +0 pair of boots (worn)
 J - a +1 robe of positive energy
 K - a scarf of repulsion (worn)
 M - an orb of mayhem
Jewellery
 k - a ring of protection from fire (left hand)
 s - a ring of magical power
 A - the ring of Yluoraem (right hand) {Will+ Str+7}
   (You bought it in a shop on level 5 of the Dungeon)

   [ring of willpower]

   Str:       It affects your strength (+7).
   Will:      It increases your willpower.
Wands
 w - a wand of flame (14)
 C - a wand of roots (5)
 F - a wand of polymorph (6)
Scrolls
 e - a scroll of summoning
 f - a scroll of amnesia {unknown}
 g - 4 scrolls of poison
 h - 3 scrolls of blinking {unknown}
 j - 3 scrolls of vulnerability {unknown}
 m - 2 scrolls of fear {unknown}
 p - a scroll of teleportation {unknown}
 q - 3 scrolls of immolation
 r - a scroll of enchant armour
 y - a scroll of silence
 G - a scroll of butterflies {unknown}
Potions
 d - a potion of might
 l - 2 potions of mutation
 t - 2 potions of magic
 x - 3 potions of heal wounds
 z - 2 potions of curing {unknown}
 D - a potion of attraction {unknown}
 E - a potion of degeneration {unknown}
 H - 2 potions of ambrosia {unknown}
 I - a potion of berserk rage {unknown}


   Skills:
 + Level 5.9 Fighting
 + Level 8.0 Maces & Flails
 + Level 0.7 Throwing
 * Level 10.2 Armour
 + Level 3.0 Dodging
 + Level 1.3 Stealth
 + Level 5.7 Shields
 + Level 0.1 Evocations


You had 9 spell levels left.
You didn't know any spells.
Your spell library was empty.

Dungeon Overview and Level Annotations

Branches:
Dungeon (8/15)             Temple (1/1) D:4
   Lair: D:8-11

Altars:
Ashenzari
Cheibriados
Dithmenos
Elyvilon
Fedhas
Hepliaklqana
Kikubaaqudgha
Makhleb
Nemelex Xobeh
Okawaru
Qazlal
Ru
Sif Muna
Trog
Uskayaw
Vehumet
Wu Jian
Xom
Yredelemnul
Lugonu

Shops:
D:5 =*=   D:6 *

Portals:
Abyss: D:4


Innate Abilities, Weirdness & Mutations

You are immune to sickness and miasma.
Your stone body is resilient. (AC +7)
You are immune to poison.
You resist negative energy. (rN+)
You are resistant to electric shocks. (rElec)
You are resistant to unholy torment.
You are immune to petrification.


Message History

You closely miss the killer bee.
The killer bee is moderately wounded.
The killer bee misses you. You block the wight's attack. x2
The wight completely misses you.
The wight hits you from afar with a +0 halberd!
* * * LOW HITPOINT WARNING * * *
You bludgeon the killer bee!!
Your weapon exudes an aura of protection.
You kill the killer bee!
Trog accepts your kill.
Your Maces & Flails skill increases to level 8!
The wight hits you but does no damage. You block the wight's attack.
You see here a killer bee corpse.
You hit the wight.
The wight is moderately damaged.
The wight hits you with a +4 halberd.
* * * LOW HITPOINT WARNING * * *
The wight closely misses you. The wight hits you but does no damage.
You hit the wight.
The wight is heavily damaged.
You block the wight's attack.
The wight hits you with a +0 short sword.
* * * LOW HITPOINT WARNING * * *
A wight comes into view. It is wielding a +2 mace.
The wight closely misses you. You block the wight's attack.
You closely miss the wight.
The wight is heavily damaged.
You closely miss the wight.
The wight is heavily damaged.
The wight hits you with a +4 halberd.
* * * LOW HITPOINT WARNING * * *
The sky beast flickers out of sight!
Deactivating autopickup; reactivate with Ctrl-A.
You block the wight's attack.
The wight hits you but does no damage. x2
You hit the wight.
The wight is severely damaged.
The wight hits you with a +4 halberd!
* * * LOW HITPOINT WARNING * * *
The wight hits you with a +0 short sword.
You die...

....# ..## . #.
...###.... #.##### ##
...#..# .......####
#.....#########........
#...# .................
#(### ...........#.###
#..### #.........#..##
##...####.........##..#
###{z@zz.z.......###.#
#####z.........# #.#
##.........# #..
................#####
#######............##
############... ###. ##
#


You could see 5 wights.

Vanquished Creatures
  A gargoyle (D:6)
  Sigmund (D:4)
  2 wraiths (D:6)
  2 shadows (D:6)
  2 wyverns
  2 water moccasins
  An ice beast (D:7)
  2 black bears (D:6)
  2 orc warriors
  2 ogres (D:6)
  A kobold brigand (D:7)
  2 bullfrogs
  6 scorpions
  5 killer bees (D:8)
  A howler monkey (D:5)
  4 hounds
  Jessica (D:3)
  4 orc wizards
  Ijyb (D:4)
  Natasha (twice) (D:4)
  8 adders
  A river rat (D:5)
  2 white imps
  An ufetubus (D:5)
  A worm (D:3)
  The ghost of Smersh616 the Sneak, a weakling MfDe (D:5)
  3 dart slugs
  13 orcs
  6 ball pythons
  2 endoplasms
  A giant cockroach (D:4)
  7 hobgoblins
  4 jackals
  11 kobolds
  3 quokkas
  6 bats
  11 frilled lizards
  7 goblins
  6 rats
  A lurking horror (D:4)
139 creatures vanquished.

Vanquished Creatures (others)
  A lurking horror (D:4)
  6 plants (D:1)
7 creatures vanquished.

Grand Total: 146 creatures vanquished

Notes
Turn   | Place    | Note
-------+----------+-------------------------------------------
     0 | D:1      | KittyFluff the Gargoyle Fighter began the quest for the
                  | Orb.
     0 | D:1      | Reached XP level 1. HP: 14/14 MP: 1/1
   303 | D:1      | Reached XP level 2. HP: 14/19 MP: 2/2
   668 | D:1      | Reached skill level 4 in Armour
   724 | D:1      | Reached XP level 3. HP: 19/23 MP: 3/3
  1397 | D:2      | Found a faded altar of an unknown god.
  1708 | D:3      | Reached XP level 4. HP: 28/28 MP: 4/4
  1839 | D:3      | Noticed Jessica
  1847 | D:3      | Killed Jessica
  2176 | D:4      | Noticed Natasha
  2194 | D:4      | Killed Natasha
  2195 | D:4      | Reached XP level 5. HP: 13/33 MP: 5/5
  2392 | D:4      | Found an ancient bone altar of Kikubaaqudgha.
  2453 | D:4      | Noticed Natasha
  2460 | D:4      | Killed Natasha
  2556 | D:4      | Found a one-way gate to the infinite horrors of the Abyss.
  2558 | D:4      | Found a corrupted altar of Lugonu.
  2774 | D:4      | Found a staircase to the Ecumenical Temple.
  2789 | Temple   | Entered the Ecumenical Temple
  2853 | Temple   | Became a worshipper of Trog the Wrathful
  2907 | D:4      | You fall into a shaft and drop 1 floor!
  2907 | D:5      | Entered Level 5 of the Dungeon
  2918 | D:5      | Found Wimuot's Jewellery Boutique.
  3051 | D:5      | Found Tuycy's Assorted Antiques.
  3055 | D:5      | Bought a slimy bronze ring for 135 gold pieces
  3055 | D:5      | Identified the ring of Yluoraem {Will+ Str+7} (You bought
                  | it in a shop on level 5 of the Dungeon)
  3134 | D:4      | Noticed a water moccasin
  3159 | D:4      | Killed a water moccasin
  3160 | D:4      | Reached skill level 5 in Armour
  3160 | D:4      | Reached XP level 6. HP: 12/38 MP: 6/6
  3406 | D:4      | Reached skill level 1 in Dodging
  3707 | D:4      | Noticed Ijyb
  3717 | D:4      | Killed Ijyb
  3740 | D:4      | Reached XP level 7. HP: 30/43 MP: 7/7
  3915 | D:4      | Reached skill level 6 in Armour
  3915 | D:4      | Noticed Sigmund
  3927 | D:4      | Killed Sigmund
  4027 | D:5      | Found Ybbamed's Jewellery Emporium.
  4074 | D:5      | Found a runed translucent door.
  4121 | D:5      | Reached skill level 5 in Maces & Flails
  4121 | D:5      | Reached XP level 8. HP: 34/48 MP: 8/8
  4130 | D:5      | Reached skill level 7 in Armour
  4220 | D:5      | Noticed Smersh616's ghost (weakling MfDe)
  4242 | D:5      | Killed Smersh616's ghost
  4246 | D:5      | Found a runed translucent door.
  4263 | D:5      | Reached * piety under Trog
  4533 | D:6      | Found an ornate altar of the Wu Jian Council.
  4537 | D:6      | Found a blossoming altar of Fedhas.
  4537 | D:6      | Found a broken altar of Ashenzari.
  4746 | D:6      | Found a basalt altar of Yredelemnul.
  5136 | D:6      | Found Xuing's Neck Hole.
  5739 | D:7      | Reached skill level 8 in Armour
  5739 | D:7      | Reached skill level 5 in Shields
  6128 | D:6      | Reached skill level 1 in Stealth
  6270 | D:6      | Noticed a wyvern
  6275 | D:6      | Killed a wyvern
  6276 | D:6      | Reached XP level 9. HP: 29/53 MP: 9/9
  6431 | D:6      | Reached skill level 5 in Fighting
  6643 | D:6      | Noticed a gargoyle
  6670 | D:6      | Reached skill level 9 in Armour
  6688 | D:6      | Killed a gargoyle
  7665 | D:7      | Reached skill level 10 in Armour
  7902 | D:8      | Reached XP level 10. HP: 52/60 MP: 10/10
  7946 | D:8      | HP: 1/90 [wight/+4 halberd (10)]
  7946 | D:8      | Slain by a wight

Illustrated notes

Levels and vault maps discovered:
D:1:      nzn_arrival_settlement, layout_basic, minmay_lizard_king
D:2:      layout_loops_ring, shapermc_ecumenical_altar_venn
D:3:      layout_rooms, minmay_goblin_kobold_house, uniq_jessica
D:4:      layout_basic, kiku_gazebo_pond_becter, minmay_temple_entry_overgrown,
          amcnicky_altar_lugonu_corruption, uniq_natasha, uniq_sigmund,
          uniq_ijyb
D:5:      layout_basic, ebering_ghost_sewer_f, serial_shops,
          kennysheep_mini_moat, nicolae_stop_n_shop_2, nicolae_shop_trees
D:6:      minmay_klotski, layout_rooms, mainiacjoe_overflow_24_doors,
          chequers_temple_overflow_statue_of_worship,
          nicolae_shop_sticking_my_neck_out
D:7:      layout_loops_ring, hangedman_decor_clover_reticule
D:8:      layout_rooms
Temple:   eino_temple_water

Skill      XL: |  1  2  3  4  5  6  7  8  9 10 |
---------------+-------------------------------+-----
Armour         | 4 5 6 8 10 | 10.2
Maces & Flails | 3 4 5 6 7 8 |  8.0
Shields        | 4 5 |  5.7
Dodging        | 1 2 3 |  3.0
Fighting       | 4 5 |  5.9
Stealth        | 1 |  1.3
Throwing       | |  0.7
Evocations     | |  0.1

Action                   |  1- 3 |  4- 6 |  7- 9 | 10-12 || total
-------------------------+-------+-------+-------+-------++-------
Melee: Flail             |   175 |   146 |   338 |       ||   659
       Mace              |       |       |     6 |    42 ||    48
Throw: Stone             |     7 |     8 |     4 |       ||    19
Invok: Berserk           |       |       |     2 |     1 ||     3
Evoke: Wand              |       |       |     2 |       ||     2
  Use: Scroll            |       |     7 |     1 |       ||     8
Armor: Scale mail        |   104 |    71 |   178 |    49 ||   402
Dodge: Dodged            |   107 |    56 |   149 |    46 ||   358
Block: Buckler           |    37 |    34 |    88 |    29 ||   188
